 Dungeon Crawl Stone Soup version 0.22-a0-322-g60b3cfd (webtiles) character file.

41927 xccam the Thaumaturge (level 14, -1/108 HPs)
             Began as a Gnoll Wanderer on Apr 5, 2018.
             Was a High Priest of Cheibriados.
             Slain by a catoblepas (4 damage)
             ... on level 6 of the Lair of Beasts.
             The game lasted 00:51:16 (19398 turns).

xccam the Thaumaturge (Gnoll Wanderer)             Turns: 19398, Time: 00:51:16

Health: -1/108     AC: 26    Str: 25    XL:     14   Next: 17%
Magic:  21/25      EV:  2    Int: 27    God:    Cheibriados [*****.]
Gold:   818        SH:  0    Dex: 33    Spells: 27/33 levels left

rFire    + + .     SeeInvis .   H - +3 trident (pierce)
rCold    + + .     Gourm    .   b - +0 large shield
rNeg     + + +     Faith    .   W - +8 chain mail of Death's Door {rPois rCorr Str-5 Int+2}
rPois    ∞         Spirit   .   g - +2 helmet
rElec    +         Reflect  .   N - scarf {rC+ rF+}
rCorr    +         Harm     .   Q - +0 pair of gloves
MR       +....                  Y - +1 pair of boots
Stlth    ++........             e - amulet of magic regeneration
HPRegen  0.28/turn              x - ring of protection from fire
MPRegen  0.44/turn              y - ring of protection from cold

@: petrified, very slow
A: distributed training, fangs 1, low mp 1, electricity resistance, strong nose
a: Bend Time, Temporal Distortion, Slouch, Step From Time, Renounce Religion


You were on level 6 of the Lair of Beasts.
You worshipped Cheibriados.
Cheibriados was extremely pleased with you.
You were near starving.

You visited 3 branches of the dungeon, and saw 19 of its levels.
You also visited: Ossuary.

You collected 1154 gold pieces.
You spent 336 gold pieces at shops.

Inventory:

Hand Weapons
 H - a +3 trident of piercing (weapon)
 Z - a +1 war axe of freezing
Missiles
 a - 10 javelins (quivered)
 i - 19 tomahawks
Armour
 b - a +0 large shield (worn)
 g - a +2 helmet (worn)
 E - the +5 large shield of Rublik {rF- rN++}
   (You found it on level 4 of the Lair of Beasts)

   It makes you vulnerable to fire.
   It greatly protects you from negative energy.
 N - a scarf of resistance (worn)
 Q - a +0 pair of gloves (worn)
 W - the +8 chain mail of Death's Door (worn) {rPois rCorr Str-5 Int+2}
   (You found it on level 11 of the Dungeon)

   It affects your strength (-5).
   It affects your intelligence (+2).
   It protects you from poison.
   It protects you from acid and corrosion.
 Y - a +1 pair of boots (worn)
Jewellery
 d - an uncursed ring of see invisible
 e - an amulet of magic regeneration (around neck)
 l - an uncursed ring of wizardry
 t - an uncursed ring of protection from cold
 x - a ring of protection from fire (left hand)
 y - a ring of protection from cold (right hand)
 I - an uncursed ring of fire
 R - an uncursed ring of positive energy
 V - an uncursed ring of wizardry
 X - the ring of Darkness {rCorr +Blink}
   (You found it on level 1 of the Lair of Beasts)

   [ring of resist corrosion]

   It lets you blink.
Wands
 F - a wand of digging (16)
 M - a wand of iceblast (30)
 O - a wand of enslavement (22)
 P - a wand of acid (11)
 S - a wand of flame (18)
 U - a wand of scattershot (4)
Scrolls
 c - 2 scrolls of holy word
 h - 2 scrolls of identify
 k - 2 scrolls of fog
 v - 7 scrolls of teleportation
 A - 6 scrolls of remove curse
 B - 3 scrolls of enchant armour
 G - 2 scrolls of magic mapping {unknown}
 K - 2 scrolls of amnesia
 L - 3 scrolls of immolation
Potions
 j - 6 potions of mutation
 m - 3 potions of flight
 n - a potion of cancellation
 p - a potion of agility
 q - 3 potions of resistance
 s - a potion of brilliance {unknown}
 u - a potion of might
 w - 7 potions of heal wounds
 z - 13 potions of curing
 C - 3 potions of magic
 D - 3 potions of lignification {unknown}
 J - 4 potions of invisibility
 T - 2 potions of ambrosia {unknown}
Comestibles
 f - 34 rations


   Skills:
 + Level 9.0 Fighting
 + Level 9.0 Short Blades
 + Level 9.0 Long Blades
 + Level 9.0 Axes
 + Level 9.0 Maces & Flails
 + Level 9.0 Polearms
 + Level 9.0 Staves
 + Level 9.0 Slings
 + Level 9.0 Bows
 + Level 9.0 Crossbows
 + Level 9.0 Throwing
 + Level 9.0 Armour
 + Level 9.0 Dodging
 + Level 9.3 Stealth
 + Level 9.0 Shields
 + Level 10.0 Unarmed Combat
 + Level 10.2 Spellcasting
 + Level 7.4 Conjurations
 + Level 7.4 Hexes
 + Level 7.4 Charms
 + Level 7.4 Summonings
 + Level 7.4 Necromancy
 + Level 7.8 Translocations
 + Level 7.4 Transmutations
 + Level 7.4 Fire Magic
 + Level 7.4 Ice Magic
 + Level 7.4 Air Magic
 + Level 7.4 Earth Magic
 + Level 8.4 Poison Magic
 + Level 9.7 Invocations
 + Level 10.0 Evocations


You had 27 spell levels left.
You knew the following spells:

 Your Spells              Type           Power        Failure   Level  Hunger
a - Mephitic Cloud        Conj/Pois/Air  ######..     21%         3    None
b - Blink                 Tloc           N/A          11%         2    None
c - Apportation           Tloc           ######       7%          1    None


Dungeon Overview and Level Annotations

Branches:
Dungeon (12/15)            Temple (1/1) D:6            Lair (6/6) D:10
  Swamp (0/4) Lair:3       Spider (0/4) Lair:4          Orc (0/2) D:10
  Slime: Lair:5-6

Altars:
Ashenzari
Cheibriados
Dithmenos
Elyvilon
Fedhas
Gozag
Hepliaklqana
Kikubaaqudgha
Makhleb
Nemelex Xobeh
Okawaru
Qazlal
Ru
Sif Muna
Trog
Uskayaw
Vehumet
Wu Jian
Xom
Yredelemnul
Zin
The Shining One

Shops:
D:6 }   D:11 *(%(   D:12 !


Innate Abilities, Weirdness & Mutations

Your experience applies equally to all skills.
You have very sharp teeth.
Your uncanny sense of smell can sniff out nearby items.
Your magical capacity is low. (-10% MP)
You are resistant to electric shocks. (rElec)


Message History

* * * LOW HITPOINT WARNING * * *
You have turned to stone.
You are engulfed in calcifying dust.
The wolf bites you but does no damage.
The catoblepas gores you but does no damage.
You are engulfed in calcifying dust.
The wolf bites you but does no damage. x2
The catoblepas gores you but does no damage.
The yak is no longer petrified.
The wolf bites you but does no damage. The yak barely misses you.
The catoblepas gores you!!
* * * LOW HITPOINT WARNING * * *
The wolf bites you but does no damage. The wolf bites you but does no damage.
The yak gores you but does no damage.
The catoblepas breathes a plume of calcifying dust at you.
The blast of calcifying dust hits you!
You are engulfed in calcifying dust.
The wolf bites you but does no damage. The yak gores you!
* * * LOW HITPOINT WARNING * * *
The wolf bites you.
* * * LOW HITPOINT WARNING * * *
The catoblepas gores you!
You die...

### ####
#####........P.#
#######.....##
#P...##......#
#.......#...##
#......#...##
#........###
#.....#..#
#####hY.##
#..@#§P#
#...Y.##
#......#
#....#.#
.....####
......## .P.###
###


You could see a catoblepas, a yak and a wolf.

Vanquished Creatures
  8 hydras
  3 two-headed ogres
  An unseen horror (D:12)
  4 oklob plants
  3 ugly things
  A deep elf mage (D:12)
  A manticore (D:12)
  2 black mambas
  5 elephants (Lair:3)
  7 spiny frogs
  A gargoyle (D:12)
  A rime drake (Lair:6)
  A demonic crawler (Lair:4)
  3 komodo dragons
  A troll (D:10)
  4 blink frogs (Lair:2)
  9 hippogriffs
  Prince Ribbit (D:8)
  4 dream sheep (Lair:4)
  3 wraiths (D:9)
  2 wyverns
  48 yaks
  A fire elemental (Lair:6)
  5 basilisks
  2 hungry ghosts
  Edmund (D:5)
  Menkaure (D:4)
  12 water moccasins
  2 orc warriors
  11 porcupines
  A black bear (Lair:3)
  3 sky beasts
  A necrophage (D:11)
  An ice beast (D:12)
  6 ogres
  A phantom (D:5)
  2 centaurs
  31 wolves
  8 crocodiles
  An elf zombie (D:9)
  2 big kobolds
  A wyvern zombie (D:12)
  13 bullfrogs
  5 scorpions
  2 howler monkeys
  18 wights
  6 electric eels (Lair:3)
  4 jellies
  2 crimson imps
  A bullfrog zombie (D:7)
  A quasit (D:6)
  4 centaur skeletons
  5 human zombies (D:9)
  2 centaur zombies
  4 hounds
  5 orc priests
  8 worker ants
  4 bullfrog skeletons
  Ijyb (D:4)
  Terence (D:3)
  6 iguanas
  12 orc wizards
  14 mummies
  A hound skeleton (D:7)
  2 worker ant zombies
  A howler monkey skeleton (D:4)
  12 gnolls
  6 adders
  4 shadow imps
  6 oozes
  3 worms (Lair:4)
  A dart slug (D:1)
  3 leopard geckos
  51 orcs
  7 giant cockroaches
  12 hobgoblins
  19 jackals
  16 kobolds
  3 quokkas
  A ball python (D:1)
  10 bats
  5 frilled lizards
  3 gnoll skeletons (Ossuary)
  6 goblins
  2 goblin skeletons (Ossuary)
  A leopard gecko zombie (D:8)
  3 orc skeletons (Ossuary)
  6 rats
  11 rat skeletons (Ossuary)
  7 fungi (Lair:4)
  10 plants (Lair:4)
536 creatures vanquished.

Vanquished Creatures (collateral kills)
  A yak (D:10)
  A scorpion (D:10)
  A hound (D:10)
3 creatures vanquished.

Vanquished Creatures (others)
  An orc warrior (D:10)
  A black bear (D:10)
  A hound (D:10)
  2 bushes (D:6)
  5 fungi
  2 plants
12 creatures vanquished.

Grand Total: 551 creatures vanquished

Notes
Turn   | Place    | Note
-------+----------+-------------------------------------------
     0 | D:1      | xccam the Gnoll Wanderer began the quest for the Orb.
     0 | D:1      | xccam set off with: a wand of random effects (15), a +0 robe, a +0 dagger, a ration
     0 | D:1      | Reached XP level 1. HP: 13/13 MP: 6/6
    37 | D:1      | Reached XP level 2. HP: 18/19 MP: 7/7
   565 | D:1      | Reached XP level 3. HP: 22/25 MP: 9/9
   653 | D:1      | Reached skill level 5 in Spellcasting
   907 | D:2      | Reached skill level 1 in Invocations
   969 | D:2      | Reached skill level 1 in Fighting
   969 | D:2      | Reached skill level 1 in Short Blades
   969 | D:2      | Reached skill level 1 in Long Blades
   969 | D:2      | Reached skill level 1 in Axes
   969 | D:2      | Reached skill level 1 in Maces & Flails
   969 | D:2      | Reached skill level 1 in Polearms
   969 | D:2      | Reached skill level 1 in Staves
   969 | D:2      | Reached skill level 1 in Slings
   969 | D:2      | Reached skill level 1 in Bows
   969 | D:2      | Reached skill level 1 in Crossbows
   969 | D:2      | Reached skill level 1 in Throwing
   969 | D:2      | Reached skill level 1 in Armour
   969 | D:2      | Reached skill level 1 in Dodging
   969 | D:2      | Reached skill level 1 in Shields
   976 | D:2      | Reached XP level 4. HP: 6/32 MP: 11/11
  1334 | D:2      | Found a shimmering altar of Xom.
  1383 | D:2      | Reached skill level 1 in Conjurations
  1383 | D:2      | Reached skill level 1 in Hexes
  1383 | D:2      | Reached skill level 1 in Charms
  1383 | D:2      | Reached skill level 1 in Summonings
  1383 | D:2      | Reached skill level 1 in Necromancy
  1383 | D:2      | Reached skill level 1 in Transmutations
  1383 | D:2      | Reached skill level 1 in Fire Magic
  1383 | D:2      | Reached skill level 1 in Ice Magic
  1383 | D:2      | Reached skill level 1 in Air Magic
  1383 | D:2      | Reached skill level 1 in Earth Magic
  1394 | D:2      | Reached XP level 5. HP: 6/37 MP: 12/12
  1662 | D:3      | Found a sparkling altar of Nemelex Xobeh.
  1714 | D:3      | Noticed Terence
  1718 | D:3      | Killed Terence
  1986 | D:3      | Found a hide-covered altar of Uskayaw.
  2316 | D:3      | Reached XP level 6. HP: 29/44 MP: 13/13
  2358 | D:3      | Found a sacrificial altar of Ru.
  2916 | D:4      | Reached skill level 5 in Unarmed Combat
  2916 | D:4      | Reached skill level 5 in Evocations
  3013 | D:4      | Found a sand-covered staircase.
  3098 | Ossuary  | Entered an ossuary
  3972 | Ossuary  | Reached XP level 7. HP: 32/50 MP: 15/15
  4473 | D:4      | Noticed Menkaure
  4477 | D:4      | Noticed Ijyb
  4729 | D:4      | Found a blossoming altar of Fedhas.
  4771 | D:4      | Killed Ijyb
  5011 | D:4      | Reached skill level 5 in Fighting
  5011 | D:4      | Reached skill level 5 in Short Blades
  5011 | D:4      | Reached skill level 5 in Long Blades
  5011 | D:4      | Reached skill level 5 in Axes
  5011 | D:4      | Reached skill level 5 in Maces & Flails
  5011 | D:4      | Reached skill level 5 in Polearms
  5011 | D:4      | Reached skill level 5 in Staves
  5011 | D:4      | Reached skill level 5 in Slings
  5011 | D:4      | Reached skill level 5 in Bows
  5011 | D:4      | Reached skill level 5 in Crossbows
  5011 | D:4      | Reached skill level 5 in Throwing
  5011 | D:4      | Reached skill level 5 in Armour
  5011 | D:4      | Reached skill level 5 in Dodging
  5011 | D:4      | Reached skill level 5 in Stealth
  5011 | D:4      | Reached skill level 5 in Shields
  5011 | D:4      | Reached skill level 5 in Poison Magic
  5011 | D:4      | Reached skill level 5 in Invocations
  5011 | D:4      | Reached XP level 8. HP: 32/62 MP: 15/18
  5012 | D:4      | Gained mutation: Your magical capacity is low. (-10% MP) [potion of mutation]
  5012 | D:4      | Gained mutation: You are resistant to electric shocks. (rElec) [potion of mutation]
  5016 | D:4      | Killed Menkaure
  5206 | D:4      | Found a basalt altar of Yredelemnul.
  5411 | D:4      | Reached XP level 9. HP: 64/68 MP: 17/17
  5427 | D:5      | Entered Level 5 of the Dungeon
  5429 | D:5      | Noticed Edmund
  5468 | D:5      | Killed Edmund
  5710 | D:5      | Found a glowing golden altar of the Shining One.
  5774 | D:5      | Found a shattered altar of Ashenzari.
  5827 | D:5      | Found a sparkling altar of Nemelex Xobeh.
  5983 | D:5      | Reached skill level 5 in Translocations
  5994 | D:5      | Learned a level 3 spell: Mephitic Cloud
  6131 | D:5      | Found a deep blue altar of Sif Muna.
  6427 | D:6      | Noticed a two-headed ogre
  6457 | D:6      | Killed a two-headed ogre
  6678 | D:6      | Found a white marble altar of Elyvilon.
  6816 | D:6      | Reached XP level 10. HP: 33/75 MP: 15/19
  7102 | D:6      | Found Beuheh's Gadget Boutique.
  7173 | D:6      | Found a burning altar of Makhleb.
  7461 | D:6      | Found a staircase to the Ecumenical Temple.
  7467 | Temple   | Entered the Ecumenical Temple
  8026 | D:7      | Found a snail-covered altar of Cheibriados.
  8061 | D:7      | Became a worshipper of Cheibriados the Contemplative
  8442 | D:7      | Reached * piety under Cheibriados
  9354 | D:8      | Noticed a two-headed ogre
  9369 | D:8      | Killed a two-headed ogre
  9369 | D:8      | Reached skill level 5 in Conjurations
  9369 | D:8      | Reached skill level 5 in Hexes
  9369 | D:8      | Reached skill level 5 in Charms
  9369 | D:8      | Reached skill level 5 in Summonings
  9369 | D:8      | Reached skill level 5 in Necromancy
  9369 | D:8      | Reached skill level 5 in Transmutations
  9369 | D:8      | Reached skill level 5 in Fire Magic
  9369 | D:8      | Reached skill level 5 in Ice Magic
  9369 | D:8      | Reached skill level 5 in Air Magic
  9369 | D:8      | Reached skill level 5 in Earth Magic
  9770 | D:8      | Noticed Prince Ribbit
  9784 | D:8      | Killed Prince Ribbit
  9871 | D:8      | Reached ** piety under Cheibriados
 10083 | D:9      | Reached XP level 11. HP: 80/81 MP: 20/20
 10101 | D:9      | Found an ancient bone altar of Kikubaaqudgha.
 10286 | D:9      | Reached *** piety under Cheibriados
 10604 | D:9      | Learned a level 2 spell: Blink
 10729 | D:9      | Found a shadowy altar of Dithmenos.
 10813 | D:10     | Entered Level 10 of the Dungeon
 10834 | D:10     | Found a staircase to the Lair.
 10855 | D:10     | Found a staircase to the Orcish Mines.
 10955 | D:10     | Reached **** piety under Cheibriados
 11357 | D:11     | Found Ixtomomm's Food Shop.
 11444 | D:11     | Found Bicer's Antique Weapon Shoppe.
 11607 | D:11     | Noticed a red ugly thing
 11623 | D:11     | Killed a red ugly thing
 11633 | D:11     | Found Onuz's Assorted Antiques.
 11859 | D:11     | Found Siof Sic's Weapon Shoppe.
 11875 | D:11     | Noticed a two-headed ogre
 11882 | D:11     | Killed a two-headed ogre
 11971 | D:11     | Reached ***** piety under Cheibriados
 12180 | D:11     | Got a steaming chain mail
 12191 | D:11     | Identified the +8 chain mail of Death's Door {rPois rCorr Str-5 Int+2} (You found it on level 11 of the Dungeon)
 12505 | D:12     | Found Tohyasme's Distillery.
 12516 | D:12     | Bought 3 potions of heal wounds for 210 gold pieces
 12516 | D:12     | Bought a potion of curing for 42 gold pieces
 12516 | D:12     | Bought a potion of curing for 42 gold pieces
 12516 | D:12     | Bought a potion of curing for 42 gold pieces
 12561 | D:12     | Killed an unseen horror
 12566 | D:12     | Reached XP level 12. HP: 30/90 MP: 17/22
 12570 | D:12     | Noticed a five-headed hydra
 12581 | D:11     | Killed a five-headed hydra
 12939 | D:12     | Learned a level 1 spell: Apportation
 13639 | Lair:1   | Entered Level 1 of the Lair of Beasts
 13673 | Lair:1   | Noticed a five-headed hydra
 13677 | Lair:1   | Killed a five-headed hydra
 13700 | Lair:1   | Reached ****** piety under Cheibriados
 13776 | Lair:1   | Got a faintly glowing brass ring
 14434 | Lair:2   | Reached XP level 13. HP: 91/97 MP: 23/23
 16231 | Lair:3   | Found a staircase to the Swamp.
 17071 | Lair:4   | Found a hole to the Spider Nest.
 17121 | Lair:4   | Got a scorched large shield
 17132 | Lair:4   | Identified the +5 large shield of Rublik {rF- rN++} (You found it on level 4 of the Lair of Beasts)
 17541 | Lair:4   | Reached skill level 10 in Spellcasting
 17643 | Lair:4   | Identified the ring of Darkness {rCorr +Blink} (You found it on level 1 of the Lair of Beasts)
 17803 | Lair:4   | Found a blossoming altar of Fedhas.
 18134 | Lair:5   | Reached XP level 14. HP: 64/106 MP: 25/25
 18276 | Lair:5   | Reached skill level 10 in Unarmed Combat
 18276 | Lair:5   | Reached skill level 10 in Evocations
 18964 | Lair:6   | Entered Level 6 of the Lair of Beasts
 19398 | Lair:6   | HP: 5/108 [yak (5)]
 19398 | Lair:6   | Slain by a catoblepas

Vault maps used:
D:1:      minmay_arrival_checkered_box
D:2:      nicolae_overflow_hidden_temple
D:3:      nicolae_ru_path_of_blood, chequers_temple_overflow_statue_of_worship,
          uniq_terence
D:4:      yredelemnul_altar_generic, lemuel_crystal_altar, enter_ossuary_2,
          uniq_ijyb, uniq_menkaure
D:5:      lemuel_coloured_pillars_altar, lemuel_blue_sif_altar,
          nicolae_ashenzari_panopticon, first_ration,
          nemelex_diamond_rough_becter, uniq_edmund
D:6:      makhleb_heckhound_becter, old_standard_altar,
          minmay_temple_entry_overgrown, serial_shops, shop_fountains
D:7:      kennysheep_little_box
D:8:      hangedman_little_slice_of_home, uniq_prince_ribbit1
D:9:      lemuel_mausoleum_altar_kikubaaqudgha, nicolae_dithmenos_the_darkroom
D:10:     lair_entry_dummy, orc_0_dummy
D:11:     serial_shops, shop, shop, shop, shop
D:12:     serial_shops, nicolae_shop_statue_plus
Temple:   nicolae_temple_figure_zero
Lair:3:   minmay_swamp_entry_eels, serial_bayou_ford_a, grunt_megastairs_2,
          minmay_lair_oklob_chamber
Lair:4:   nicolae_spider_entry_non_spiders, tgw_fedhas
Lair:5:   grunt_forest_large_clearings
Lair:6:   hangedman_lair_in_review, slime_altar_1
Ossuary:  ossuary_due_small_catacomb

Skill      XL: |  1  2  3  4  5  6  7  8  9 10 11 12 13 14 |
---------------+-------------------------------------------+-----
Translocations | 2 4 5 6 7 |  7.8
Spellcasting   | 5 7 8 9 10 | 10.2
Invocations    | 1 2 5 6 7 8 9 |  9.7
Fighting       | 1 2 5 6 7 8 9 |  9.0
Short Blades   | 1 2 5 6 7 8 9 |  9.0
Long Blades    | 1 2 5 6 7 8 9 |  9.0
Axes           | 1 2 5 6 7 8 9 |  9.0
Maces & Flails | 1 2 5 6 7 8 9 |  9.0
Polearms       | 1 2 5 6 7 8 9 |  9.0
Staves         | 1 2 5 6 7 8 9 |  9.0
Slings         | 1 2 5 6 7 8 9 |  9.0
Bows           | 1 2 5 6 7 8 9 |  9.0
Crossbows      | 1 2 5 6 7 8 9 |  9.0
Throwing       | 1 2 5 6 7 8 9 |  9.0
Armour         | 1 2 5 6 7 8 9 |  9.0
Dodging        | 1 2 5 6 7 8 9 |  9.0
Shields        | 1 2 5 6 7 8 9 |  9.0
Conjurations   | 1 4 5 6 7 |  7.4
Hexes          | 1 4 5 6 7 |  7.4
Charms         | 1 4 5 6 7 |  7.4
Summonings     | 1 4 5 6 7 |  7.4
Necromancy     | 1 4 5 6 7 |  7.4
Transmutations | 1 4 5 6 7 |  7.4
Fire Magic     | 1 4 5 6 7 |  7.4
Ice Magic      | 1 4 5 6 7 |  7.4
Air Magic      | 1 4 5 6 7 |  7.4
Earth Magic    | 1 4 5 6 7 |  7.4
Poison Magic   | 4 5 6 7 8 |  8.4
Stealth        | 3 5 6 7 8 9 |  9.3
Unarmed Combat | 5 6 7 8 9 10 | 10.0
Evocations     | 5 6 7 8 9 10 | 10.0

Action                   |  1- 3 |  4- 6 |  7- 9 | 10-12 | 13-15 || total
-------------------------+-------+-------+-------+-------+-------++-------
Melee: Unarmed           |   110 |   285 |   197 |       |       ||   592
       Bite              |     9 |    44 |    60 |   261 |   185 ||   559
       Punch             |     1 |       |       |       |       ||     1
       Flail             |       |       |   102 |       |       ||   102
       Trident           |       |       |    80 |  1169 |   790 ||  2039
       War axe           |       |       |       |     6 |       ||     6
Throw: Javelin           |       |       |     6 |    24 |       ||    30
       Tomahawk          |       |       |     4 |     2 |       ||     6
 Cast: Mephitic Cloud    |       |       |     4 |     7 |     7 ||    18
       Blink             |       |       |       |     1 |       ||     1
Invok: Slouch            |       |       |       |       |     4 ||     4
Evoke: Wand              |       |    21 |    11 |     9 |     3 ||    44
  Use: Scroll            |     3 |     6 |     7 |     6 |     4 ||    26
       Potion            |     1 |       |     5 |       |     2 ||     8
 Stab: Sleeping          |     4 |     1 |     3 |    24 |     5 ||    37
       Distracted        |       |       |     2 |     2 |       ||     4
       Confused          |       |       |     1 |     4 |    13 ||    18
  Eat: Chunk             |       |     7 |     9 |    11 |     8 ||    35
       Ration            |       |     1 |       |     4 |       ||     5
Armor: Robe              |    33 |    16 |       |       |       ||    49
       Scale mail        |       |    66 |   184 |   194 |       ||   444
       Chain mail        |       |       |       |   276 |   366 ||   642
Dodge: Dodged            |    40 |    42 |   189 |   665 |   400 ||  1336
Block: Large shield      |    43 |   103 |    87 |       |   323 ||   556
       Buckler           |       |       |    91 |   349 |   159 ||   599

Table legend:
 A = Spawn XP
 B = Non-spawn XP
 C = Spawn XP percentage of total XP
 D = Spawn monster count
 E = Non-spawn monster count
 F = Spawn count percentage of total count
 G = Total turns spent on level
                    A         B        C        D         E        F      G
               +---------+---------+-------+---------+---------+-------+---------
         Total |       0 |   58839 |   0.0 |       0 |     524 |   0.0 | 19398
               +---------+---------+-------+---------+---------+-------+---------
           D:1 |       0 |      41 |   0.0 |       0 |      22 |   0.0 |   867
           D:2 |       0 |     124 |   0.0 |       0 |      31 |   0.0 |   795
           D:3 |       0 |     188 |   0.0 |       0 |      28 |   0.0 |  1379
           D:4 |       0 |     720 |   0.0 |       0 |      34 |   0.0 |  1094
           D:5 |       0 |    1078 |   0.0 |       0 |      24 |   0.0 |   876
           D:6 |       0 |    1778 |   0.0 |       0 |      33 |   0.0 |  1263
           D:7 |       0 |     992 |   0.0 |       0 |      24 |   0.0 |  1017
           D:8 |       0 |    2096 |   0.0 |       0 |      25 |   0.0 |  1246
           D:9 |       0 |    2593 |   0.0 |       0 |      23 |   0.0 |   864
          D:10 |       0 |    1929 |   0.0 |       0 |      21 |   0.0 |   575
          D:11 |       0 |    4413 |   0.0 |       0 |      35 |   0.0 |  1364
          D:12 |       0 |    7250 |   0.0 |       0 |      37 |   0.0 |   887
        Lair:1 |       0 |    3732 |   0.0 |       0 |      16 |   0.0 |   418
        Lair:2 |       0 |    4025 |   0.0 |       0 |      17 |   0.0 |   823
        Lair:3 |       0 |   11670 |   0.0 |       0 |      40 |   0.0 |  2130
        Lair:4 |       0 |    7223 |   0.0 |       0 |      37 |   0.0 |  1109
        Lair:5 |       0 |    6231 |   0.0 |       0 |      39 |   0.0 |   845
        Lair:6 |       0 |    2521 |   0.0 |       0 |       7 |   0.0 |   434
       Ossuary |       0 |     235 |   0.0 |       0 |      31 |   0.0 |  1292
               +---------+---------+-------+---------+---------+-------+---------
